 Dungeon Crawl Stone Soup version 0.29.1-15-g9cfb28693d (webtiles) character file.

Game seed: 9956916318550447437

52804 suse60 the Warrior (level 15, 0/131 HPs)
             Began as a Human Fighter on Apr 20, 2023.
             Was an Elder of the Shining One.
             Slain by a death yak (17 damage)
             ... on level 5 of the Lair of Beasts on Apr 30, 2023.
             The game lasted 01:56:47 (16018 turns).

suse60 the Warrior (Human Fighter)                 Turns: 16018, Time: 01:56:47

Health: 0/131      AC: 16    Str: 22    XL:     15   Next: 7%
Magic:  22/22      EV: 14    Int: 11    God:    the Shining One [****..]
Gold:   608        SH:  6    Dex: 12    Spells: 14/14 levels left

rFire   + . .      SeeInvis .   G - +1 scimitar (flame)
rCold   . . .      Faith    .   z - +2 buckler
rNeg    + + .      Spirit   .   w - +1 chain mail {rF+}
rPois   .          Reflect  .   m - +0 hat
rElec   .          Harm     .   D - +2 cloak {Stlth+}
rCorr   .          Rampage  .   n - +1 pair of gloves
Will    +....                   C - +0 pair of boots
Stlth   ..........              t - amulet of regeneration
HPRegen 1.11/turn               b - +4 ring of evasion
MPRegen 0.18/turn               l - +4 ring of slaying

@: lethally poisoned (0 -> -2), glowing
A: fangs 1
a: Renounce Religion, Divine Shield, Cleansing Flame


You were on level 5 of the Lair of Beasts.
You worshipped the Shining One.
The Shining One was greatly pleased with you.
You visited 3 branches of the dungeon, and saw 15 of its levels.
You also visited: Sewer.

You collected 926 gold pieces.
You spent 318 gold pieces at shops.

Inventory:

Hand Weapons
 o - the +9 hammer of the Wizarding Gods {vorpal, rElec rF+ Int+5 Dex-3}
   (You found it on level 5 of the Dungeon)

   It inflicts extra damage upon your enemies.
   Int:       It affects your intelligence (+5).
   Dex:       It affects your dexterity (-3).
   rF:        It protects you from fire.
   rElec:     It insulates you from electricity.
 s - a +3 long sword
 G - a +1 scimitar of flaming (weapon)
Missiles
 y - 5 silver boomerangs
 E - 4 throwing nets (quivered)
Armour
 m - a +0 hat (worn)
 n - a +1 pair of gloves (worn)
 w - a +1 chain mail of fire resistance (worn)
 z - a +2 buckler (worn)
 C - a +0 pair of boots (worn)
 D - a +2 cloak of stealth (worn)
Jewellery
 b - a +4 ring of evasion (left hand)
 i - a ring of poison resistance
 k - a +4 ring of evasion
 l - a +4 ring of slaying (right hand)
 t - an amulet of regeneration (around neck)
 u - a ring of protection from cold
 F - a ring of protection from fire
Wands
 A - a wand of iceblast (8)
 I - a wand of acid (3)
 J - a wand of polymorph (1)
Scrolls
 f - 8 scrolls of teleportation
 v - a scroll of fear
Potions
 d - 8 potions of curing
 g - 2 potions of haste
 j - 3 potions of ambrosia
 p - a potion of attraction {unknown}
 x - 3 potions of flight
 B - 2 potions of cancellation
 H - a potion of lignification {unknown}
Miscellaneous
 c - a piece from Xom's chessboard (15/15)


   Skills:
 + Level 16.0 Fighting
 - Level 15.0 Long Blades
 - Level 5.1 Maces & Flails
 - Level 3.0 Armour
 + Level 8.0 Dodging
 - Level 3.0 Shields
 - Level 10.0 Invocations


You had 14 spell levels left.
You didn't know any spells.
Your spell library contained the following spells:

 Spells                   Type           Power      Damage    Failure   Level
 Apportation              Tloc           0%         N/A       99%         1
 Ensorcelled Hibernation  Hex/Ice        0%         N/A       99%         2
 Passwall                 Tmut/Erth      0%         N/A       99%         2
 Conjure Flame            Conj/Fire      0%         6-21      100%        3
 Gell's Gravitas          Tloc           0%         N/A       100%        3
 Ignite Poison            Fire/Tmut/Pois 0%         N/A       100%        3
 Swiftness                Air            0%         N/A       100%        3
 Teleport Other           Tloc           0%         N/A       100%        3
 Tukima's Dance           Hex            0%         N/A       100%        3
 Passage of Golubria      Tloc           0%         N/A       100%        4
 Sticky Flame             Conj/Fire      0%         2d3       100%        4
 Alistair's Intoxication  Tmut/Pois      0%         N/A       100%        5
 Iskenderun's Battlesphe  Conj           0%         2d6       100%        5
 Yara's Violent Unravell  Hex/Tmut       0%         3d3       100%        5
 Dispersal                Tloc           0%         N/A       100%        6
 Iron Shot                Conj/Erth      0%         9d1       100%        6
 Spellforged Servitor     Conj/Summ      0%         N/A       100%        7


Dungeon Overview and Level Annotations

Branches:
Dungeon (9/15)             Temple (1/1) D:6            Lair (5/5) D:9
  Swamp (0/4) Lair:3       Spider (0/4) Lair:3        Sewer (visited)
  Slime: Lair:4-5       Orc: D:9-12

Altars:
Ashenzari
Cheibriados
Dithmenos
Elyvilon
Fedhas
Kikubaaqudgha
Nemelex Xobeh
Sif Muna
Xom
Yredelemnul
Zin
The Shining One

Shops:
D:2 ?*   D:5 (

Annotations:
D:8 1 transporter, kwass's ghost, novice DsIE


Innate Abilities, Weirdness & Mutations

You have very sharp teeth.


Message History

The water moccasin poisons you!
Your angel barely misses the water moccasin.
Your angel hits the water moccasin with a +2 whip of holy wrath.
The death yak gores you!!
The death yak gores you but does no damage.
The two-headed hydra bites you but does no damage. x2
You hack one of the two-headed hydra's heads off!
The flame cauterises the wound!
You slash the one-headed hydra! You burn the one-headed hydra.
You kill the one-headed hydra!
You feel very sick.
Your angel hits the water moccasin with a +2 whip of holy wrath!!
The water moccasin dies!
The death yak gores you.
Your Fighting skill increases to level 16!
Your Dodging skill increases to level 8!
You slash the death yak! You burn the death yak.
The death yak is lightly wounded.
You feel very sick.
Your angel hits the death yak with a +2 whip of holy wrath!
Your angel barely misses the death yak.
Your angel hits the death yak with a +2 whip of holy wrath!!
Your angel hits the death yak but does no damage.
The death yak gores you but does no damage.
The death yak barely misses you.
You slice the death yak!! You burn the death yak.
You bite the death yak, but do no damage.
The death yak is almost dead.
You feel sick.
Your angel barely misses the death yak.
Your angel hits the death yak with a +2 whip of holy wrath.
You hit the death yak but do no damage.
You bite the death yak, but do no damage.
The death yak is almost dead.
You feel sick. The death yak misses you. The death yak gores you!!
* * * LOW HITPOINT WARNING * * *
The death yak gores you but does no damage.
Your angel hits the death yak with a +2 whip of holy wrath. x2
The death yak dies!
The death yak attacks as you move away! The death yak gores you!
You die...

#........#
##......## ##
###......## ...
##.......##
...##........#
.............#
.....#.......#
......Y.....##
......Y@....###
......Y†......#
.......A......##
............†..#
.................#
........!.........
..................
..................
..................


You could see 3 death yaks and a friendly angel (summoned).

Vanquished Creatures
  Gastronok (Lair:2)
  A dire elephant (Lair:4)
  11 hydras
  A centaur warrior (D:8)
  6 death yaks
  2 oklob plants (Lair:2)
  A cyclops (D:9)
  A wolf spider (Lair:1)
  19 elephants
  4 black mambas
  A torpor snail (Lair:4)
  Joseph (D:7)
  9 cane toads
  2 rime drakes
  4 komodo dragons
  2 kobold demonologists
  Maggie (D:9)
  A troll (D:9)
  A tyrant leech (Lair:4)
  Grinder (D:4)
  3 hornets
  20 blink frogs
  2 jumping spiders (Lair:3)
  3 culicivoras (Lair:3)
  A spriggan (Lair:4)
  10 wyverns
  4 basilisks
  A wraith (D:9)
  34 yaks
  A vampire mosquito (D:9)
  2 steam dragons
  2 redbacks (Lair:3)
  2 swamp worms (Lair:3)
  An acid dragon (D:9)
  17 water moccasins
  4 ice beasts
  2 orc warriors (D:9)
  3 black bears
  3 sky beasts
  5 centaurs
  A phantom (D:6)
  24 wolves
  4 kobold brigands
  Blork the orc (D:4)
  16 bullfrogs
  2 gnoll sergeants (D:9)
  A necrophage (D:6)
  A scorpion (D:6)
  A water moccasin zombie (D:4)
  9 wights
  4 killer bees (D:9)
  5 howler monkeys
  4 electric eels
  4 jellies
  An orc priest (D:9)
  3 gnoll boudas (D:9)
  8 hounds
  Crazy Yiuf (D:5)
  2 iguanas
  Natasha (thrice) (D:4)
  4 orc wizards
  2 scorpion zombies (D:4)
  8 hell rats
  Terence (D:3)
  A hound zombie (D:4)
  18 gnolls
  13 adders
  12 river rats (Lair:3)
  3 white imps (D:7)
  3 ufetubi
  An adder zombie (D:4)
  2 worms
  A dart slug (D:1)
  25 orcs
  6 ball pythons
  4 bats
  8 endoplasms
  6 giant cockroaches (Sewer)
  6 goblins
  3 hobgoblins
  16 jackals
  15 kobolds
  12 quokkas
  14 frilled lizards
  6 rats
475 creatures vanquished.

Vanquished Creatures (collateral kills)
  Rupert (Lair:5)
  A death yak (Lair:5)
  A cane toad (Lair:5)
  A rime drake (Lair:5)
  A yak (Lair:5)
  A water moccasin (Lair:5)
6 creatures vanquished.

Vanquished Creatures (others)
  A yak (Lair:3)
  A centaur (D:9)
  A bullfrog (Lair:2)
  77 fungi
  121 plants
201 creatures vanquished.

Grand Total: 682 creatures vanquished

Notes
Turn   | Place    | Note
-------+----------+-------------------------------------------
     0 | D:1      | suse60 the Human Fighter began the quest for the Orb.
     0 | D:1      | Reached XP level 1. HP: 18/18 MP: 1/1
   266 | D:1      | Reached XP level 2. HP: 19/24 MP: 2/2
   569 | D:1      | Reached XP level 3. HP: 23/29 MP: 3/3
  1164 | D:2      | Found Vipnibua's Magic Scroll Shoppe.
  1208 | D:2      | Found Qitikk's Assorted Antiques.
  1565 | D:2      | Reached XP level 4. HP: 37/37 MP: 4/4
  1646 | D:3      | Reached skill level 4 in Fighting
  1952 | D:3      | Gained mutation: You occasionally lose the ability to drink
                  | potions when taking damage. [potion of mutation]
  1952 | D:3      | Gained mutation: You are clumsy. (Dex -2) [potion of
                  | mutation]
  1953 | D:3      | Lost mutation: You are clumsy. (Dex -2) [potion of
                  | mutation]
  1953 | D:3      | Lost mutation: You occasionally lose the ability to drink
                  | potions when taking damage. [potion of mutation]
  1953 | D:3      | Gained mutation: You have a beak for a mouth. [potion of
                  | mutation]
  1953 | D:3      | Gained mutation: You occasionally lose the ability to read
                  | scrolls when taking damage. [potion of mutation]
  1953 | D:3      | Gained mutation: You are robust. (+10% HP) [potion of
                  | mutation]
  2248 | D:3      | Noticed Terence
  2253 | D:3      | Killed Terence
  2254 | D:3      | Reached XP level 5. HP: 47/47 MP: 5/5
  2575 | D:3      | Found a faded altar of an unknown god.
  3238 | D:4      | Noticed Natasha
  3242 | D:4      | Killed Natasha
  3267 | D:4      | Noticed Blork the orc
  3277 | D:4      | Killed Blork the orc
  3278 | D:4      | Reached skill level 5 in Fighting
  3278 | D:4      | Reached XP level 6. HP: 56/56 MP: 6/6
  3329 | D:4      | Noticed Natasha
  3348 | D:4      | Killed Natasha
  3414 | D:4      | Noticed Grinder
  3419 | D:4      | Paralysed by Grinder for 2 turns
  3438 | D:4      | Killed Grinder
  3439 | D:4      | Reached skill level 5 in Long Blades
  3439 | D:4      | Reached XP level 7. HP: 49/62 MP: 7/7
  3448 | D:4      | Noticed Natasha
  3464 | D:4      | Killed Natasha
  3515 | D:4      | Reached skill level 6 in Fighting
  3564 | D:4      | Found a basalt altar of Yredelemnul.
  3699 | D:4      | Found a shimmering altar of Xom.
  3899 | D:5      | Entered Level 5 of the Dungeon
  3914 | D:5      | Noticed a water moccasin
  3928 | D:5      | Killed a water moccasin
  3929 | D:5      | Reached XP level 8. HP: 49/71 MP: 8/8
  3961 | D:5      | Reached skill level 7 in Fighting
  4176 | D:5      | Found a snail-covered altar of Cheibriados.
  4215 | D:5      | Found a shadowy altar of Dithmenos.
  4263 | D:5      | Found a glowing drain.
  4272 | Sewer    | Entered a sewer
  4633 | D:5      | Reached skill level 8 in Fighting
  4633 | D:5      | Reached XP level 9. HP: 75/81 MP: 9/9
  4734 | D:5      | Found a runed translucent door.
  4735 | D:5      | Noticed Crazy Yiuf
  4744 | D:5      | Killed Crazy Yiuf
  4748 | D:5      | Identified the +9 hammer of the Wizarding Gods {vorpal,
                  | rElec rF+ Int+5 Dex-3}
  4849 | D:5      | Found Mabruhos's Antique Weapon Shop.
  5549 | D:6      | Reached skill level 9 in Fighting
  5627 | D:6      | Reached skill level 1 in Maces & Flails
  5632 | D:6      | Found a staircase to the Ecumenical Temple.
  5637 | Temple   | Entered the Ecumenical Temple
  5657 | Temple   | Became a worshipper of the Shining One
  5791 | D:6      | Found a shimmering blue altar of Sif Muna.
  5792 | D:6      | Found a glowing silver altar of Zin.
  5792 | D:6      | Found a sparkling altar of Nemelex Xobeh.
  5793 | D:6      | Found an ancient bone altar of Kikubaaqudgha.
  5837 | D:6      | Found a white marble altar of Elyvilon.
  6211 | D:7      | Reached XP level 10. HP: 88/92 MP: 10/10
  6331 | D:7      | Reached skill level 10 in Fighting
  6366 | D:7      | Noticed Joseph
  6390 | D:7      | Killed Joseph
  6515 | D:7      | Found a broken altar of Ashenzari.
  6595 | D:7      | Reached skill level 5 in Maces & Flails
  6639 | D:7      | Reached * piety under the Shining One
  6985 | D:2      | Bought a scroll labelled WIOPRO YSHRANG for 16 gold pieces
  6985 | D:2      | Bought a runed cloak for 120 gold pieces
  6985 | D:2      | Bought a scroll of enchant weapon for 120 gold pieces
  6985 | D:2      | Bought a glowing amethyst potion for 14 gold pieces
  6985 | D:2      | Bought a scroll of teleportation for 48 gold pieces
  7397 | D:8      | Reached skill level 11 in Fighting
  7397 | D:8      | Reached skill level 1 in Invocations
  7482 | D:8      | Found a transporter.
  7673 | D:8      | Found a blossoming altar of Fedhas.
  7740 | D:8      | Found a transporter.
  7743 | D:8      | Noticed kwass's ghost (novice DsIE)
  7747 | D:8      | Identified the +12 trident "Giant's Regret" {vamp, Str+5
                  | Int-3 Stlth+}
  7747 | D:8      | Identified the +0 ring mail of the Everdark {Str+4}
  7878 | D:8      | Identified the amulet "Eroymej" {Faith rC+ Int-5 Stlth+}
  7989 | D:9      | Paralysed by a hornet for 1 turns
  7995 | D:9      | Paralysed by a hornet for 1 turns
  7995 | D:9      | Noticed an elephant
  8129 | D:9      | Reached XP level 11. HP: 102/102 MP: 13/13
  8129 | D:9      | Noticed a centaur warrior
  8285 | D:8      | Reached skill level 10 in Long Blades
  8346 | D:9      | Killed an elephant
  8360 | D:8      | Killed a centaur warrior
  8361 | D:8      | Reached skill level 5 in Invocations
  8393 | D:9      | Reached ** piety under the Shining One
  8466 | D:9      | Reached skill level 12 in Fighting
  8901 | D:9      | Found a staircase to the Lair.
  8950 | D:9      | Noticed Maggie
  8968 | D:9      | Killed Maggie
  9158 | D:9      | Noticed a cyclops
  9198 | D:9      | Killed a cyclops
  9227 | D:9      | Paralysed by a hornet for 1 turns
  9231 | D:9      | Reached XP level 12. HP: 107/113 MP: 15/15
  9402 | D:9      | Identified the +6 spear "Trog's Righteous Fury" {vorpal,
                  | rPois rF- Dex+5}
  9617 | D:9      | Reached skill level 13 in Fighting
 10089 | Lair:1   | Entered Level 1 of the Lair of Beasts
 10691 | Lair:1   | Reached *** piety under the Shining One
 10747 | Lair:1   | Reached skill level 14 in Fighting
 11195 | Lair:2   | Reached skill level 1 in Dodging
 11387 | Lair:2   | Reached XP level 13. HP: 85/124 MP: 16/16
 11611 | Lair:2   | Noticed a seven-headed hydra
 11618 | Lair:2   | Killed a two-headed hydra
 11720 | Lair:2   | Noticed Gastronok
 11735 | Lair:2   | Killed Gastronok
 11736 | Lair:2   | Reached skill level 5 in Dodging
 12115 | Lair:2   | Noticed a seven-headed hydra
 12126 | Lair:2   | Killed a two-headed hydra
 12230 | Lair:2   | Found a blossoming altar of Fedhas.
 12770 | Lair:3   | Reached **** piety under the Shining One
 12779 | Lair:3   | HP: 3/124 [hell rat (7)]
 13192 | Lair:3   | Noticed a five-headed hydra
 13204 | Lair:3   | Killed a one-headed hydra
 13341 | Lair:3   | Reached XP level 14. HP: 67/132 MP: 20/20
 13346 | Lair:3   | Reached skill level 15 in Long Blades
 13736 | Lair:3   | Found a hole to the Spider Nest.
 13891 | Lair:3   | Lost mutation: You occasionally lose the ability to read
                  | scrolls when taking damage. [potion of mutation]
 13891 | Lair:3   | Lost mutation: You are robust. (+10% HP) [potion of
                  | mutation]
 13891 | Lair:3   | Lost mutation: You have a beak for a mouth. [potion of
                  | mutation]
 13891 | Lair:3   | Gained mutation: You have very sharp teeth. [potion of
                  | mutation]
 14322 | Lair:3   | Found a staircase to the Swamp.
 14590 | Lair:4   | Reached skill level 10 in Invocations
 14646 | Lair:4   | Reached skill level 15 in Fighting
 15015 | Lair:4   | Reached ***** piety under the Shining One
 15242 | Lair:4   | Noticed a dire elephant
 15265 | Lair:4   | Killed a dire elephant
 15800 | Lair:5   | Entered Level 5 of the Lair of Beasts
 15838 | Lair:5   | Noticed Rupert
 15904 | Lair:5   | Killed Rupert
 15905 | Lair:5   | Reached XP level 15. HP: 124/130 MP: 14/22
 16015 | Lair:5   | Reached skill level 16 in Fighting
 16018 | Lair:5   | Slain by a death yak

Illustrated notes

Levels and vault maps discovered:
D:1:      dpeg_arrival_stonehenge_8_columns, layout_basic, minmay_pentomino_u2
D:2:      layout_basic, serial_shops, nicolae_shop_behind_doors, shop
D:3:      layout_basic, basic_ecumenical_altar, uniq_terence
D:4:      layout_basic, nicolae_yredelemnul_corpse_copse, lemuel_tele_altar,
          serial_bayou_crossing, uniq_grinder, uniq_blork_the_orc, uniq_natasha
D:5:      layout_basic, mainiacjoe_overflow_alcove_2, old_standard_altar,
          cheibrodos_sewer_entry_bend, nicolae_stop_n_shop_2,
          uniq_crazy_yiuf_cottage
D:6:      layout_basic, nicolae_elyvilon_temple_path,
          chequers_temple_overflow_statue_of_worship, temple_doors_e
D:7:      layout_cave_pools, cheibrodos_ashenzari_chains, serial_glass,
          glass_columns_a, glass_columns_b, glass_columns_c, glass_columns_a,
          glass_columns_a, glass_columns_b, minmay_bent, uniq_joseph
D:8:      layout_gridville, fedhas_ov_isle_minmay, gammafunk_ghost_gnarly_gnolls
D:9:      layout_cave_pools, david_lair_generic, serial_gnoll_camp,
          gnoll_camp_mini_hut, gnoll_camp_mini_basic, gnoll_camp_mini_sergeant,
          gnoll_camp_mini_doghouse, gnoll_camp_medium_02, chequers_big_river,
          kennysheep_diamond, minmay_pinched_square, uniq_maggie
Temple:   grunt_temple_mini_profane
Lair:1:   layout_misc_corridors, nicolae_lair_run_with_the_wolves
Lair:2:   cheibrodos_lair_river_kwai, layout_cave_shapes, hangedman_tree_tricks,
          hangedman_lair_unloving_vines, serial_bayou_shore_a,
          lemuel_fruit_fields, uniq_gastronok
Lair:3:   layout_concentric_octagons, palyth_hydra_swamp_entry,
          nicolae_spider_entry_tight_spaces, kennysheep_rathole, uniq_urug
Lair:4:   mu_elephants_graveyard, layout_hall_layers
Lair:5:   hangedman_lair_in_review, layout_hall_layers,
          hangedman_lair_caniforms_friends, dpeg_slime_entry_corner,
          bh_autumn_forest_stairs, lemuel_old_faithful, uniq_rupert

Skill      XL: |  1  2  3  4  5  6  7  8  9 10 11 12 13 14 15 |
---------------+----------------------------------------------+-----
Long Blades    | 3 4 5 6 7 9 11 13 14 15 | 15.0
Fighting       | 4 5 6 8 9 11 12 14 15 16 | 16.0
Maces & Flails | 2 5 |  5.1
Invocations    | 3 5 8 10 | 10.0
Dodging        | 2 5 7 8 |  8.0
Armour         | |  3.0
Shields        | |  3.0

Action                   |  1- 3 |  4- 6 |  7- 9 | 10-12 | 13-15 || total
-------------------------+-------+-------+-------+-------+-------++-------
Melee: Long sword        |   117 |   146 |   476 |   842 |   522 ||  2103
       Peck              |       |    13 |    80 |   269 |   142 ||   504
       Mace              |       |       |       |     9 |       ||     9
       Scimitar          |       |       |       |       |   219 ||   219
       Bite              |       |       |       |       |    58 ||    58
Throw: Dart              |       |     9 |       |     3 |     2 ||    14
       Throwing net      |       |       |       |       |     8 ||     8
       Boomerang         |       |       |       |       |     1 ||     1
Invok: Summon Divine War |       |       |       |       |     1 ||     1
Evoke: Wand              |       |       |     2 |    17 |    29 ||    48
       Piece from Xom's  |       |       |       |     1 |       ||     1
  Use: Scroll            |     3 |     6 |     4 |    11 |     5 ||    29
       Potion            |       |     4 |       |     2 |     3 ||     9
Armor: Scale mail        |    40 |    19 |       |       |       ||    59
       Chain mail        |       |    32 |   139 |   321 |   245 ||   737
Dodge: Dodged            |    61 |    64 |   270 |   634 |   307 ||  1336
Block: Buckler           |    24 |    20 |    92 |   219 |   150 ||   505
